 Dungeon Crawl Stone Soup version 0.18.1-8-gdd0e5ea (webtiles) character file.

3283 juanjsm the Covert (level 9, 0/41 HPs)
             Began as a Spriggan Enchanter on June 8, 2016.
             Was an Initiate of Ashenzari.
             Succumbed to a worker ant's poison
             ... on level 6 of the Dungeon.
             The game lasted 00:33:41 (7101 turns).

juanjsm the Covert (Spriggan Enchanter)             Turns: 7101, Time: 00:33:42

Health: 0/41       AC: -2    Str:  4    XL:     9   Next: 69%
Magic:  19/22      EV: 21    Int: 20    God:    Ashenzari [......]
Gold:   68         SH:  0    Dex: 16    Spells: 4 memorised, 15 levels left

rFire  . . .     SeeInvis +     B - +2 dagger (flame) (curse)
rCold  . . .     Gourm    .     E - +2 robe {MR+} (curse)
rNeg   . . .     Faith    .     (shield restricted)
rPois  .         Spirit   .     (helmet restricted)
rElec  .         Dismiss  .     (no cloak)
rCorr  .         Reflect  .     (gloves unavailable)
SustAt .         Harm     .     (boots unavailable)
MR     ++...                    (no amulet)
Stlth  ++++++....               (no ring)
                                (no ring)

@: lethally poisoned (0 -> -7), corroded, very quick, very resistant to hostile
enchantments, very stealthy
A: unfitting armour, yellow scales 1, see invisible, herbivore 3, speed 3,
screaming 1, slow metabolism 2
a: Curse Item, Renounce Religion


You were on level 6 of the Dungeon.
You worshipped Ashenzari.
Ashenzari was noncommittal.
You were not hungry.

You visited 2 branches of the dungeon, and saw 8 of its levels.
You also visited: Sewer.

You collected 276 gold pieces.
You spent 208 gold pieces at shops.

Inventory:

Hand Weapons
 r - a +1 short sword of flaming
 y - a +2 short sword of venom
 B - a cursed +2 dagger of flaming (weapon)
 F - a +0 short sword of holy wrath
 M - a +1 dagger of venom
Armour
 b - a +1 robe
 E - a cursed +2 robe of magic resistance (worn)
Wands
 C - a wand of acid (3/15)
 H - a wand of digging (15/24)
Scrolls
 a - a scroll of fog {unknown}
 e - 5 scrolls of magic mapping {unknown}
 i - 4 scrolls of enchant weapon {unknown}
 j - a scroll of recharging {unknown}
 k - 5 scrolls of enchant armour {unknown}
 m - a scroll of noise {unknown}
 n - 4 scrolls of amnesia
 p - 3 scrolls of teleportation
 q - a scroll of remove curse
 s - a scroll of immolation {unknown}
 u - 2 scrolls of blinking {unknown}
 v - a scroll of acquirement {unknown}
 w - 4 scrolls of fear
 A - a scroll of random uselessness {unknown}
 G - a scroll of vulnerability {unknown}
Potions
 f - 4 potions of might
 g - a potion of magic
 h - a potion of cure mutation
 l - a potion of haste
 o - a potion of invisibility
 t - 4 potions of curing
 x - a potion of berserk rage
 z - a potion of brilliance
 D - a potion of lignification
 I - a potion of heal wounds
 K - a potion of ambrosia {unknown}
Books
 c - a book of Maledictions

   Spells                             Type                      Level
   a - Corona                         Hexes                        1
   b - Ensorcelled Hibernation        Hexes/Ice                    2
   c - Confuse                        Hexes                        3
   d - Tukima's Dance                 Hexes                        3
   e - Dazzling Spray                 Conjuration/Hexes            3
Comestibles
 d - 3 bread rations


   Skills:
 + Level 1.2 Fighting
 * Level 5.8 Short Blades
 + Level 5.8 Dodging
 * Level 13.8 Stealth
 * Level 8.2 Spellcasting
 + Level 6.1 Hexes
 + Level 1.7 Ice Magic


You had 15 spell levels left.
You knew the following spells:

 Your Spells              Type           Power        Failure   Level  Hunger
a - Corona                Hex            ####...      1%          1    None
b - Ensorcelled Hibernat  Hex/Ice        ###...       2%          2    None
c - Confuse               Hex            ####....     1%          3    None
d - Dazzling Spray        Conj/Hex       ###.....     10%         3    None


Dungeon Overview and Level Annotations

Branches:
Dungeon (7/15)             Temple (1/1) D:6

Altars:
Ashenzari
Dithmenos
Kikubaaqudgha
Makhleb
Nemelex Xobeh
Okawaru
Pakellas
Qazlal
Ru
Sif Muna
Trog
Vehumet
Xom
Yredelemnul
Zin
The Shining One

Shops:
D:5 ?   D:6 (

Annotations:
D:7 Joseph


Innate Abilities, Weirdness & Mutations

You are tiny and cannot use many weapons and most armour.
You have supernaturally acute eyesight.
You are a herbivore.
You cover ground extremely quickly.
You need consume almost no food.
You are partially covered in yellow scales (AC +2).
You occasionally shout uncontrollably at your foes.


Message History

You burn the giant cockroach.
You kill the giant cockroach!
The shadow imp closely misses you. The gnoll misses you.
The gnoll closely misses you. The gnoll sergeant closely misses you.
Joseph, a Mercenary comes into view.
He is wielding a quarterstaff.
The howler monkey hoots and howls with incredible vigour!
The worker ant bites you.
* * * LOW HITPOINT WARNING * * *
You are poisoned.
The worker ant poisons you! The shadow imp gestures at you.
You resist with almost no effort. The howler monkey hits you.
* * * LOW HITPOINT WARNING * * *
The howler monkey barely misses you. The gnoll hits you.
* * * LOW HITPOINT WARNING * * *
The gnoll hits you from afar with a spear.
* * * LOW HITPOINT WARNING * * *
The gnoll sergeant completely misses you.
You climb upwards.
You die...

#..###.###.# #..# #.#
#.# #..###+###.#
#....+_###.#
######..###+###.#
#.......# #.# #.# ###
#.......###.###.#
##.###..........a....#
................@g.#.#
..#.............h5...#
............(.......##
.[<.................#
.รท..)...............#
.)..................#
...[#..............##
...(#.......#.....##
......#.###.#######


You could see a howler monkey, a worker ant, a gnoll and a shadow imp.

Vanquished Creatures
  Prince Ribbit (D:6)
  Grinder (D:3)
  Sigmund (D:5)
  Eustachio (D:6)
  The ghost of daning the Shooter, an amateur HEAM (D:4)
  Edmund (D:6)
  A water moccasin (D:6)
  Duvessa (D:6)
  A sky beast (D:6)
  An orc warrior (D:6)
  An ice beast (D:6)
  3 ogres (D:6)
  Blork the orc (D:6)
  4 giant frogs
  Dowan (D:6)
  A scorpion (D:6)
  6 killer bees
  2 howler monkeys
  The ghost of juanjsm the Insei, a weakling OpTm (D:3)
  A crimson imp (D:5)
  A centaur zombie (D:5)
  A jelly (D:6)
  4 hounds
  A centaur skeleton (D:4)
  4 orc wizards
  3 orc priests
  A worker ant (D:6)
  2 iguanas
  A hound zombie (D:5)
  Robin (D:3)
  7 gnolls
  8 adders
  A shadow imp (D:7)
  An ooze (D:3)
  An adder zombie (D:5)
  2 worms
  A dart slug (D:1)
  7 giant geckos
  14 orcs
  2 ball pythons (Sewer)
  16 giant cockroaches
  7 hobgoblins
  3 jackals (D:4)
  7 kobolds
  7 quokkas
  6 bats
  10 giant newts
  11 goblins
  7 rats
168 creatures vanquished.

Notes
Turn   | Place    | Note
--------------------------------------------------------------
     0 | D:1      | juanjsm the Spriggan Enchanter began the quest for the Orb.
     0 | D:1      | Reached XP level 1. HP: 9/9 MP: 5/5
   155 | D:1      | Reached skill level 5 in Stealth
   155 | D:1      | Reached XP level 2. HP: 13/13 MP: 6/6
   159 | D:1      | Learned a level 2 spell: Ensorcelled Hibernation
   828 | D:2      | Reached XP level 3. HP: 16/16 MP: 8/8
   833 | D:2      | Learned a level 3 spell: Confuse
  1290 | D:2      | Found a radiant altar of Vehumet.
  1418 | D:2      | Reached skill level 6 in Stealth
  1418 | D:2      | Reached XP level 4. HP: 21/21 MP: 9/9
  1429 | D:2      | Learned a level 3 spell: Dazzling Spray
  1472 | D:3      | Noticed Robin
  1493 | D:3      | Killed Robin
  1972 | D:4      | Reached XP level 5. HP: 25/25 MP: 6/11
  1973 | D:4      | Noticed daning's ghost (amateur HEAM)
  2154 | D:4      | Found a glowing drain.
  2162 | Sewer    | Entered a sewer
  2449 | Sewer    | Reached skill level 7 in Stealth
  2530 | Sewer    | Reached XP level 6. HP: 26/29 MP: 1/13
  2797 | D:5      | Entered Level 5 of the Dungeon
  2858 | D:3      | Noticed Grinder
  3062 | D:3      | Noticed juanjsm's ghost (weakling OpTm)
  3204 | D:3      | Killed Grinder
  3204 | D:3      | Reached skill level 8 in Stealth
  3204 | D:3      | Reached XP level 7. HP: 27/32 MP: 4/14
  3545 | D:3      | Killed juanjsm's ghost
  3596 | D:5      | Found a basalt altar of Yredelemnul.
  3629 | D:4      | Reached skill level 9 in Stealth
  3811 | D:4      | Killed daning's ghost
  3811 | D:4      | Reached skill level 10 in Stealth
  4157 | D:5      | Found Hoabeum's Magic Scroll Shoppe.
  4164 | D:5      | Bought a scroll of identify for 22 gold pieces
  4169 | D:5      | Bought a scroll of identify for 22 gold pieces
  4169 | D:5      | Bought a scroll of identify for 22 gold pieces
  4169 | D:5      | Bought a scroll of teleportation for 33 gold pieces
  4169 | D:5      | Bought a scroll of amnesia for 38 gold pieces
  4169 | D:5      | Bought a scroll of fear for 38 gold pieces
  4169 | D:5      | Bought a scroll of remove curse for 33 gold pieces
  4243 | D:5      | Noticed Sigmund
  4446 | D:5      | Reached skill level 1 in Fighting
  4509 | D:6      | Noticed Duvessa
  4509 | D:6      | Noticed Dowan
  4510 | D:6      | Killed Duvessa
  4510 | D:6      | Reached skill level 5 in Spellcasting
  4510 | D:6      | Reached XP level 8. HP: 37/37 MP: 16/16
  4516 | D:6      | Reached skill level 11 in Stealth
  4524 | D:6      | Reached skill level 1 in Ice Magic
  4525 | D:6      | Killed Dowan
  4538 | D:6      | Found a staircase to the Ecumenical Temple.
  4543 | D:6      | Noticed Blork the orc
  4569 | Temple   | Entered the Ecumenical Temple
  4578 | Temple   | Became a worshipper of Ashenzari the Shackled
  4839 | D:5      | Killed Sigmund
  4839 | D:5      | Reached skill level 5 in Dodging
  4839 | D:5      | Reached skill level 12 in Stealth
  5027 | D:5      | Found a burning altar of Makhleb.
  5142 | D:6      | Found Saic's Antique Weapon Emporium.
  5151 | D:6      | Gained mutation: You are partially covered in yellow scales (AC +2). [potion of mutation]
  5151 | D:6      | Gained mutation: You occasionally shout uncontrollably at your foes. [potion of mutation]
  5170 | D:6      | Noticed Eustachio
  5177 | D:6      | Noticed Prince Ribbit
  5180 | D:6      | Killed Eustachio
  5180 | D:6      | Reached skill level 5 in Short Blades
  5180 | D:6      | Reached skill level 5 in Hexes
  5671 | D:6      | Found a shimmering altar of Xom.
  5761 | D:5      | Reached XP level 9. HP: 41/41 MP: 0/19
  5882 | D:6      | Killed Prince Ribbit
  5882 | D:6      | Reached skill level 13 in Stealth
  5999 | D:6      | Killed Blork the orc
  6044 | D:6      | Noticed Edmund
  6056 | D:6      | Killed Edmund
  7100 | D:7      | Noticed Joseph
  7100 | D:7      | HP: 1/41 [gnoll/spear (4)]
  7101 | D:6      | Succumbed to a worker ant's poison

Skill      XL: |  1  2  3  4  5  6  7  8  9 |
---------------+----------------------------+-----
Stealth        | 5 6 7 8 10 12 13 | 13.8
Spellcasting   | 3 4 5 6 8 |  8.2
Short Blades   | 2 3 4 5 |  5.8
Dodging        | 4 5 |  5.8
Hexes          | 4 5 6 |  6.1
Fighting       | 1 |  1.2
Ice Magic      | 1 |  1.7

Action                   |  1- 3 |  4- 6 |  7- 9 || total
-------------------------+-------+-------+-------++-------
Melee: Dagger            |    70 |   168 |   172 ||   410
 Cast: Corona            |     1 |     1 |       ||     2
       Ensorcelled Hiber |    14 |    35 |    70 ||   119
       Confuse           |     3 |     4 |    25 ||    32
       Dazzling Spray    |       |       |     1 ||     1
Invok: Curse Item        |       |       |     2 ||     2
  Use: Potion            |       |     2 |     1 ||     3
       Scroll            |       |       |    10 ||    10
 Stab: Sleeping          |    27 |    37 |    61 ||   125
       Distracted        |     1 |       |     1 ||     2
       Confused          |     1 |     3 |    10 ||    14
       Invisible         |       |       |     1 ||     1
  Eat: Bread ration      |       |     1 |       ||     1
       Royal jelly       |       |       |     1 ||     1
Armor: Robe              |     5 |    15 |    17 ||    37
Dodge: Dodged            |    47 |   132 |   134 ||   313
